 Dungeon Crawl Stone Soup version 0.20.0-10-g0535bb4 (webtiles) character file.

235 Hasart the Skirmisher (level 6, 0/50 HPs)
             Began as a Barachi Fighter on June 5, 2017.
             Killed by divine providence
             ... invoked by an orc priest
              (14 damage)
             ... on level 5 of the Dungeon.
             The game lasted 00:07:01 (3108 turns).

Hasart the Skirmisher (Barachi Fighter)             Turns: 3108, Time: 00:07:02

Health: 0/50       AC:  8    Str: 17    XL:     6   Next: 6%
Magic:  6/6        EV:  8    Int: 11    God:
Gold:   255        SH:  9    Dex: 11    Spells: 5/5 levels left

rFire    . . .     SeeInvis .   a - +0 long sword
rCold    . . .     Gourm    .   c - +0 shield
rNeg     . . .     Faith    .   b - +0 scale mail
rPois    .         Spirit   .   s - +0 helmet
rElec    .         Reflect  .   (no cloak)
rCorr    .         Harm     .   (no gloves)
MR       .....                  (no boots)
Stlth    ..........             (no amulet)
Regen    0.2/turn               (no ring)
MPRegen  0.1/turn               (no ring)

@: slow
A: +LOS, swims, slowness 1, strong legs 1
a: Hop


You were on level 5 of the Dungeon.
You were not hungry.

You visited 1 branch of the dungeon, and saw 5 of its levels.

You collected 255 gold pieces.

Inventory:

Hand Weapons
 a - a +0 long sword (weapon)
Armour
 b - a +0 scale mail (worn)
 c - a +0 shield (worn)
 s - a +0 helmet (worn)
Scrolls
 e - a scroll of recharging {unknown}
 g - a scroll of blinking {unknown}
 i - 3 scrolls of teleportation {unknown}
 m - a scroll of immolation {unknown}
 q - 3 scrolls of fog {unknown}
 t - 4 scrolls of remove curse {unknown}
 w - 5 scrolls of identify {unknown}
 x - a scroll of random uselessness {unknown}
Potions
 d - a potion of might
 h - a potion of lignification {unknown}
 j - 2 potions of cancellation {unknown}
 k - a potion of haste {unknown}
 l - 4 potions of curing {unknown}
 p - a potion of degeneration {unknown}
 u - a potion of flight {unknown}
 v - 2 potions of resistance {unknown}
Comestibles
 f - 3 bread rations
 n - 3 royal jellies
 o - 2 meat rations
 r - 2 fruits
 z - a chunk of flesh


   Skills:
 + Level 4.9 Fighting
 * Level 4.8 Long Blades
 + Level 4.3 Armour
 + Level 2.0 Dodging
 + Level 4.0 Shields


You had 5 spell levels left.
You didn't know any spells.

Dungeon Overview and Level Annotations

Branches:
Dungeon (5/15)
 Temple: D:4-7

Altars:
Elyvilon
Gozag
Hepliaklqana
Zin
The Shining One


Innate Abilities, Weirdness & Mutations

Shadows flee at your approach. (+LOS)
You can swim through water.
You cover ground slowly.
You can hop short distances.


Message History

The orc priest completely misses you.
You barely miss the orc priest.
The orc priest is heavily wounded.
You block the orc priest's attack.
You slash the orc priest!
The orc priest is almost dead.
The orc priest hits you but does no damage.
You hit the orc priest but do no damage.
The orc priest is almost dead.
The orc priest hits you with a mace.
* * * LOW HITPOINT WARNING * * *
You closely miss the orc priest.
The orc priest is almost dead.
The orc priest mumbles some strange prayers to Beogh against you.
You barely resist.
You hit the orc priest but do no damage.
The orc priest is almost dead.
The orc priest mumbles some strange prayers to Beogh against you.
Beogh smites you!
You die...

#.# #.# ..#
#.#####.#####.#
#...........#.#
#######.###.#.#
#.# #.#.# #.#
#.#O# ..# #.#o#
#########.#o#
#.........#@#
#.#########.#
#(# #.# #.# #.#
#.# #.#
#.#########.###
#.............#
###########.###
#.#


You could see an ogre, an orc priest and an orc.

Vanquished Creatures
  An orc wizard (D:5)
  A worker ant (D:5)
  Robin (D:3)
  A gnoll (D:4)
  6 adders
  A shadow imp (D:5)
  3 worms
  2 dart slugs
  4 orcs
  3 ball pythons
  8 giant cockroaches
  5 hobgoblins
  4 jackals
  9 bats
  6 frilled lizards
  15 goblins
  6 kobolds
  15 rats
91 creatures vanquished.

Notes
Turn   | Place    | Note
-------+----------+-------------------------------------------
     0 | D:1      | Hasart the Barachi Fighter began the quest for the Orb.
     0 | D:1      | Reached XP level 1. HP: 18/18 MP: 1/1
   197 | D:1      | Reached XP level 2. HP: 25/25 MP: 2/2
   763 | D:1      | Reached XP level 3. HP: 30/30 MP: 3/3
   824 | D:2      | Found a glowing golden altar of the Shining One.
  1023 | D:2      | Found a hazy altar of Hepliaklqana.
  1118 | D:2      | Reached XP level 4. HP: 32/38 MP: 4/4
  1686 | D:3      | Found an opulent altar of Gozag.
  1765 | D:3      | Found a white marble altar of Elyvilon.
  1786 | D:3      | Noticed Robin
  1808 | D:3      | Killed Robin
  1808 | D:3      | Reached skill level 1 in Dodging
  2034 | D:3      | Reached XP level 5. HP: 41/43 MP: 5/5
  2587 | D:4      | Found a glowing silver altar of Zin.
  2915 | D:5      | Entered Level 5 of the Dungeon
  3084 | D:5      | Noticed an ogre
  3093 | D:5      | Reached XP level 6. HP: 19/50 MP: 6/6
  3108 | D:5      | Killed from afar by an orc priest

Skill      XL: |  1  2  3  4  5 |
---------------+----------------+-----
Fighting       | 4 |  4.9
Long Blades    | 3 4 |  4.8
Armour         | 4 |  4.3
Dodging        | 1 2 |  2.0
Shields        | 4 |  4.0

Action                   |  1- 3 |  4- 6 || total
-------------------------+-------+-------++-------
Melee: Long sword        |   122 |   195 ||   317
  Eat: Chunk             |     1 |     8 ||     9
Armor: Scale mail        |    65 |    95 ||   160
Dodge: Dodged            |    47 |    81 ||   128
Block: Shield            |    65 |   124 ||   189
       Rpst.: Long sword |     9 |    26 ||    35
